Map: Orbital Shipyard

Players

WidowMine

  • Race: Terran Terran

Wellmet - Winner!

  • Race: Terran Terran

VOD

Have the link to the VOD?

Description

Time

  • Played on: Nov. 10, 2015, 2:02 a.m.
  • Length: 10:17
Show
View Real Time Build Order
Export as new Build Order

WidowMine Terran 

Build Orders:  

Get SALT Encoding   

  12  0:01  SCV  
  13  0:13  SCV  
  14  0:22  Supply Depot  
  14  0:25  SCV  
  15  0:47  Barracks x2  
  15  0:50  SCV  
  16  1:03  SCV  
  17  1:12  Barracks  
  17  1:15  SCV  
  18  1:25  Supply Depot  
  18  1:27  SCV  
  19  1:39  SCV  
  20  1:40  Marine  
  20  1:41  Refinery  
  20  1:46  Marine  
  22  1:51  SCV  
  23  2:00  Marine  
  23  2:01  Marine  
  25  2:03  SCV  
  26  2:15  Refinery, Marine  
  27  2:19  Marine x2  
  29  2:24  Supply Depot  
  30  2:34  Marine  
  30  2:37  Marine  
  30  2:42  Orbital Command  
  31  2:45  Marine  
  31  2:46  Supply Depot  
  32  2:51  Marine  
  32  2:55  Marine  
  34  3:03  Marine  
  35  3:09  SCV, Marine  
  35  3:12  Marine  
  37  3:16  Supply Depot  
  38  3:25  SCV  
  38  3:26  Marine  
  40  3:27  Factory  
  40  3:29  Marine  
  40  3:33  Marine  
  42  3:37  SCV  
  43  3:51  Marine x2  
  43  3:52  Bunker, Marine  
  44  4:18  Marine x2  
  46  4:25  Factory Tech Lab  
  46  4:27  Command Center  
  47  4:31  SCV  
  43  4:55  Marine  
  43  4:56  Marine  
  43  4:57  Marine  
  43  4:58  SCV  
  43  5:08  Siege Tank  
  46  5:16  Starport  
  46  5:19  SCV, Engineering Bay, Starport, Marine  
  48  5:23  Marine x2  
  50  5:34  SCV  
  51  5:40  Siege Tank  
  54  5:56  Medivac  
  56  6:01  Medivac  
  58  6:07  Barracks Reactor x2, Barracks Tech Lab  
  58  6:09  SCV  
  59  6:12  Siege Tank  
  59  6:13  Orbital Command  
  59  6:18  Missile Turret  
  62  6:30  Medivac  
  64  6:53  Liberator  
  63  7:13  Marine x3  
  69  7:19  Supply Depot  
  69  7:20  Supply Depot  
  69  7:21  Supply Depot  
  69  7:23  Supply Depot  
  69  7:24  Supply Depot x2  
  69  7:40  Siege Tank  
  72  7:56  Liberator x2  
  72  8:09  Marine x3  
  72  8:10  SCV  
  77  8:22  SCV  
  65  8:43  Marine x3  
  58  8:52  SCV, Marine  
  58  8:53  Marine  
  55  9:01  Marine x2  
  46  9:04  SCV  
  39  9:16  SCV  
  33  9:19  Viking  
  33  9:20  Viking  
  37  9:24  Orbital Command  
  37  9:28  SCV  
  30  9:40  SCV  
  11  9:53  SCV  
  7  10:05  SCV  
Show
View Real Time Build Order
Export as new Build Order

Wellmet Terran - Winner!

Build Orders: Reaper Expand, Bio Tank, MMM Bio 

Get SALT Encoding   

  12  0:01  SCV  
  13  0:13  SCV  
  14  0:17  Supply Depot  
  14  0:25  SCV  
  15  0:39  SCV  
  15  0:42  Barracks  
  16  0:44  Refinery  
  16  0:51  SCV  
  17  1:03  SCV  
  18  1:15  SCV  
  19  1:29  Orbital Command  
  19  1:30  Reaper  
  20  1:45  Command Center  
  20  1:56  SCV  
  20  1:57  Bunker  
  21  2:02  Reaper  
  22  2:10  Supply Depot  
  22  2:14  Barracks  
  21  2:19  SCV  
  22  2:36  Reaper  
  23  2:37  SCV  
  23  2:38  Bunker  
  23  2:43  Supply Depot  
  24  2:49  SCV  
  25  2:56  Factory  
  25  3:01  Orbital Command  
  25  3:02  Reaper  
  26  3:06  SCV  
  27  3:18  SCV  
  28  3:22  Reaper  
  29  3:28  SCV  
  29  3:29  Barracks  
  29  3:30  SCV, Refinery  
  31  3:43  SCV  
  31  3:46  SCV  
  33  3:49  Refinery  
  33  3:51  Marine  
  34  3:56  Barracks Tech Lab  
  34  3:57  Factory Tech Lab  
  34  3:59  SCV x2  
  36  4:08  Marine  
  37  4:10  Starport  
  37  4:11  SCV x2  
  37  4:14  Barracks  
  37  4:16  Barracks, Marine  
  38  4:23  Marine  
  39  4:25  Bunker  
  39  4:29  Marine  
  40  4:34  Marine  
  41  4:39  Siege Tank  
  41  4:42  Marine  
  45  4:47  Marine  
  45  4:48  SCV  
  45  4:51  SCV  
  47  4:58  Stimpack  
  48  5:01  Barracks Tech Lab  
  48  5:03  Barracks Tech Lab  
  48  5:05  SCV  
  48  5:06  SCV  
  48  5:07  Marine  
  50  5:16  Marine  
  50  5:17  Marine  
  50  5:18  SCV x2  
  54  5:26  Supply Depot  
  54  5:29  Combat Shields  
  54  5:35  Supply Depot  
  54  5:39  SCV x2, Medivac  
  54  5:41  Barracks Reactor x2  
  58  5:45  Marauder x2  
  62  5:51  SCV  
  62  5:53  Supply Depot  
  62  5:54  Siege Tank  
  62  5:56  Marine  
  67  6:00  SCV, Supply Depot  
  68  6:07  Marine x2  
  68  6:10  Starport Reactor  
  68  6:11  SCV  
  71  6:13  Refinery  
  71  6:15  Supply Depot  
  71  6:16  Marauder  
  73  6:19  Marine x2  
  73  6:21  Marine x2  
  73  6:25  Marine x2  
  78  6:31  Supply Depot  
  79  6:36  SCV x2  
  79  6:37  Marine x3  
  83  6:45  Marine  
  83  6:46  Marine  
  82  6:48  SCV  
  82  6:50  Siege Tank  
  82  6:53  SCV  
  85  6:54  Marine  
  85  6:57  Concussive Shells  
  85  6:59  Medivac x2  
  90  7:14  Marine  
  91  7:16  Barracks Reactor  
  91  7:18  Engineering Bay, Marine x3  
  91  7:22  Command Center, Marine  
  94  7:23  Marine  
  96  7:32  Marine  
  96  7:36  Marine  
  97  7:37  SCV x2  
  97  7:39  Medivac x2  
  97  7:42  Marine x2  
  97  7:44  Marine x2  
  106  7:50  Marine  
  108  7:51  SCV  
  108  7:52  SCV  
  108  7:55  Marine  
  108  8:01  Marine x2  
  108  8:04  Supply Depot  
  110  8:05  Supply Depot  
  110  8:10  Marine  
  110  8:16  Supply Depot  
  110  8:21  Marine  
  110  8:22  Marine  
  110  8:25  Marine  
  106  8:27  Marine  
  106  8:28  Marine  
  106  8:31  Siege Tank, Medivac x2  
  115  8:41  Marine x2  
  112  8:43  Orbital Command  
  112  8:47  Marine x4  
  112  8:48  Marine  
  117  9:01  Marine x3, Medivac  
  120  9:03  Siege Tank  
  120  9:05  Medivac  
  125  9:10  SCV x3  
  125  9:13  Barracks  
  125  9:15  Barracks  
  125  9:16  Marine x2  
  124  9:17  Marine x2  
  124  9:19  Marine x2  
  123  9:32  Marine x2  
  123  9:34  Marine x2  
  123  9:35  Medivac  
  128  9:38  SCV x2  
  128  9:43  Marine x3  
  131  9:51  Marine x2  
  136  9:53  SCV  
  136  9:56  Command Center  
  136  9:57  Marine x2  
  136  9:59  Engineering Bay  
  137  10:10  Barracks Reactor x2  
Tags
 
Add a new tag
Caveats
  • Supply blocks, unpowered buildings, or Contaminate may cause inaccurate times.
  • Supply counts are checked every 10 seconds.